 Dungeon Crawl Stone Soup version 0.16.1-51-g6203257 (webtiles) character file.

335 Miyamura the Chucker (level 6, -3/59 HPs)
             Began as a Troll Hunter on Aug 8, 2015.
             Slain by an ogre
             ... wielding a +0 giant club
              (15 damage)
             ... on level 4 of the Dungeon.
             The game lasted 00:08:08 (2789 turns).

Miyamura the Chucker (Troll Hunter)                 Turns: 2789, Time: 00:08:09

Health: -3/59      AC: 10    Str: 21    XL:     6   Next: 28%
Magic:  3/3        EV: 10    Int:  7    God:
Gold:   103        SH:  0    Dex: 12    Spells: 0 memorised, 5 levels left

rFire  . . .     SeeInvis .       - Unarmed
rCold  . . .     Clarity  .     d - +0 animal skin
rNeg   . . .     SustAb   .     (shield restricted)
rPois  .         Gourm    +     (helmet restricted)
rElec  .         Spirit   .     e - +0 cloak
rCorr  .         Warding  .     (gloves unavailable)
rMut   .         Stasis   .     (boots unavailable)
MR     .....                    (no amulet)
Stlth  +.........               (no ring)
                                l - +4 ring of protection

@: hasted, very quick, not resistant to hostile enchantments, very unstealthy
A: unfitting armour, claws 3, fast metabolism 3, gourmand, regeneration 2,
shaggy fur 1, tough skin 2
a: no special abilities


You were on level 4 of the Dungeon.
You were full.

You visited 1 branch of the dungeon, and saw 4 of its levels.

You collected 171 gold pieces.
You spent 68 gold pieces at shops.

Inventory:

Hand weapons
 n - a +0 hammer
 o - a +3 quarterstaff of chaos
Missiles
 b - 5 large rocks (quivered)
 c - 3 throwing nets
Armour
 d - a +0 animal skin (worn)
 e - a +0 cloak (worn)
Jewellery
 l - a +4 ring of protection (left claw)
Magical devices
 p - a wand of cold (7)
Potions
 h - 2 potions of invisibility
 i - a potion of magic
 j - 2 potions of agility
 k - a potion of brilliance {unknown}
 m - a potion of might {unknown}
Comestibles
 f - 4 meat rations
 g - 3 bread rations


   Skills:
 + Level 2.9 Fighting
 + Level 4.7 Throwing
 + Level 3.0 Dodging
 - Level 0.4 Stealth
 + Level 2.8 Unarmed Combat
 + Level 0.5 Evocations


You had 5 spell levels left.
You didn't know any spells.

Dungeon Overview and Level Annotations

Branches:
Dungeon (4/15)
 Temple: D:4-7

Altars:
Gozag
Zin

Shops:
D:4 *


Innate Abilities, Weirdness & Mutations

You are too large for most types of armour.
You have claws for hands.
Your metabolism is lightning-fast.
You like to eat raw meat.
You heal very quickly.
You are covered in fur (AC +1).
You have very tough skin (AC +2).


Message History

a hand axe; a ring mail; an orc skeleton
Found a stone staircase leading up.
HP restored.
g - 3 bread rations (gained 1)
The ogre is too close now for your liking.
The ogre hits you with a giant club!
You completely miss the ogre. You scratch the ogre.
The ogre begins to bleed from its wounds!
The ogre is lightly wounded.
The ogre hits you with a giant club!!
You scratch the ogre but do no damage.
The ogre is lightly wounded.
The ogre hits you with a giant club!
* * * LOW HITPOINT WARNING * * *
You aren't carrying any spellbooks or scrolls.
Unknown command.
Drink which item? (? for menu, Esc to quit)
You feel yourself speed up. The ogre hits you with a giant club!
You die...

#.....#.....#####....#
.....####.....##...#.##
..###..##.....##.##.##
###...#...###.#..##.#.
.#####..#...............
#....................#.#.
.#####..####.##.......##
#..# #............. #.@#
#.)##.......##
#.......O###..##.#...###
#####.#.........#...####
#.#.###.............
#.#.# #.######.####.
#.#.###.# #......
##.#.....######.####.
...(....))......# #
##.......###########


You could see an ogre (bleeding).

Vanquished Creatures
  A water moccasin skeleton (D:4)
  Crazy Yiuf (D:3)
  An iguana (D:3)
  2 orc priests (D:4)
  An orc wizard (D:4)
  A worker ant (D:3)
  Ijyb (D:2)
  3 adders
  A worm (D:2)
  2 oozes
  7 orcs
  3 ball pythons
  2 bat skeletons (D:4)
  4 hobgoblins
  12 kobolds
  7 bats
  3 giant cockroaches
  2 giant geckos
  2 giant newts (D:3)
  3 goblins
  4 jackals (D:1)
  A quokka (D:2)
  A quokka skeleton (D:4)
  8 rats
  A fungus (D:3)
74 creatures vanquished.

Notes
Turn   | Place    | Note
--------------------------------------------------------------
     0 | D:1      | Miyamura, the Troll Hunter, began the quest for the Orb.
     0 | D:1      | Reached XP level 1. HP: 19/19 MP: 1/1
    54 | D:1      | Reached skill level 1 in Unarmed Combat
    82 | D:1      | Reached XP level 2. HP: 25/27 MP: 1/1
   867 | D:2      | Found an opulent altar of Gozag.
  1129 | D:2      | Reached XP level 3. HP: 35/35 MP: 2/2
  1420 | D:2      | Found a glowing silver altar of Zin.
  1619 | D:2      | Reached skill level 4 in Throwing
  1634 | D:3      | Noticed Ijyb
  1651 | D:2      | Killed Ijyb
  1751 | D:3      | Reached XP level 4. HP: 42/42 MP: 2/2
  2143 | D:3      | Reached XP level 5. HP: 34/50 MP: 2/2
  2312 | D:3      | Noticed Crazy Yiuf
  2320 | D:3      | Killed Crazy Yiuf
  2411 | D:4      | Found Rues' Assorted Antiques.
  2431 | D:4      | Bought a scroll labeled HURGHO BRIGH for 34 gold pieces
  2431 | D:4      | Bought a scroll labeled SOEFILEIRE for 34 gold pieces
  2542 | D:4      | Noticed an ogre
  2561 | D:4      | Reached XP level 6. HP: 20/59 MP: 3/3
  2789 | D:4      | Slain by an ogre

Action                   |  1- 3 |  4- 6 || total
-------------------------+-------+-------++-------
Melee: Unarmed           |    90 |   131 ||   221
Throw: Large rock        |     4 |     4 ||     8
Evoke: Wand              |       |     3 ||     3
  Use: Scroll            |     7 |     6 ||    13
       Potion            |       |     1 ||     1
 Stab: Sleeping          |     1 |       ||     1
  Eat: Chunk             |    15 |    12 ||    27
